APL (24 & UNDER)
BEAVERTON BRONZE SOULS @ PENSACOLA PILOTS
08/22/2029
 
TOP OF THE 1ST
Beaverton Bronze Souls batting - Pitching for Pensacola Pilots : RHP Pedro Vargas
Pitching: RHP Pedro Vargas
Batting: RHB Pedro Rivera 0-0: Ball
1-0: Ground out 6-3 (Groundball, 6)
Batting: RHB Nathan Smith 0-0: Foul Ball, location: 2F
0-1: Fly out, F8 (Flyball, 8RS)
Batting: RHB Cameron Irwin 0-0: SINGLE (Line Drive, 9S)
Batting: LHB Luis Aragón 0-0: Called Strike
Cameron Irwin steals 2nd base
0-1: Ball
1-1: Called Strike
1-2: Ball
2-2: Ball
Passed Ball!
Cameron Irwin to third
3-2: Base on Balls
Batting: RHB Marshall Gross 0-0: Called Strike
0-1: SINGLE (Groundball, 4M) (infield hit)
Cameron Irwin scores
Luis Aragón to second
Batting: RHB Dan Cross 0-0: Ball
1-0: Foul Ball, location: 2F
1-1: Swinging Strike
1-2: Strikes out swinging
Top of the 1st over - 1 run, 2 hits, 0 errors, 2 left on base; Beaverton 1 - Pensacola 0
BOTTOM OF THE 1ST
Pensacola Pilots batting - Pitching for Beaverton Bronze Souls : RHP Wilson Díaz
Pitching: RHP Wilson Díaz
Batting: SHB Carlos González 0-0: Foul Ball, location: 2F
0-1: Foul Ball, location: 2F
0-2: Strikes out looking
Batting: RHB Ryan Nelson 0-0: Ball
1-0: Called Strike
1-1: Ball
2-1: Foul Ball, location: 2F
2-2: Ball
3-2: Base on Balls
Batting: LHB Freddy Torres 0-0: Ball
1-0: Ball
2-0: Ball
3-0: Called Strike
3-1: DOUBLE (Flyball, 78D)
Ryan Nelson to third
Runner from 3rd tries for Home, SAFE, no throw
Batting: SHB Ron Winston 0-0: Ball
1-0: Called Strike
1-1: 2-RUN HOME RUN (Flyball, 9LD), Distance : 358 ft
Batting: LHB Joe Storms 0-0: Ball
1-0: Called Strike
1-1: Ball
2-1: SOLO HOME RUN (Flyball, 89XD), Distance : 431 ft
Batting: LHB Ricardo García 0-0: Foul Ball, location: 2F
0-1: Ball
1-1: Ball
2-1: Swinging Strike
2-2: Strikes out swinging
Batting: RHB Robert Rose 0-0: Swinging Strike
0-1: Ball
1-1: Called Strike
1-2: Strikes out swinging
Bottom of the 1st over - 4 runs, 3 hits, 0 errors, 0 left on base; Beaverton 1 - Pensacola 4
TOP OF THE 2ND
Beaverton Bronze Souls batting - Pitching for Pensacola Pilots : RHP Pedro Vargas
Batting: RHB Armando García 0-0: Called Strike
0-1: Ball
1-1: Ball
2-1: Foul Ball, location: 2F
2-2: Foul Ball, location: 2F
2-2: SINGLE (Groundball, 6MD)
Batting: RHB Jacob Glasspool 0-0: Ball
Armando García steals 2nd base
1-0: Ball
2-0: Swinging Strike
2-1: Swinging Strike
2-2: Reached on error, E3 (Groundball, 34S)
Armando García scores
Batting: RHB Robbie Barnes 0-0: Ground out 4-3 (Groundball, 4)
Jacob Glasspool to third
Batting: RHB Pedro Rivera 0-0: SINGLE (Flyball, 9LM)
Jacob Glasspool scores
Batting: RHB Nathan Smith 0-0: Foul Ball, location: 2F
0-1: Called Strike
0-2: Ball
1-2: Foul Ball, location: 2F
1-2: Foul Ball, location: 2F
1-2: Foul Ball, location: 2F
1-2: Fielders Choice at 2nd, 1-6 (Groundball, 13)
Batting: RHB Cameron Irwin 0-0: Ball
1-0: Swinging Strike
1-1: Ball
2-1: Ball
3-1: Foul Ball, location: 2F
3-2: Ground out 6-3 (Groundball, 6)
Top of the 2nd over - 2 runs, 2 hits, 1 error, 1 left on base; Beaverton 3 - Pensacola 4
BOTTOM OF THE 2ND
Pensacola Pilots batting - Pitching for Beaverton Bronze Souls : RHP Wilson Díaz
Batting: RHB Tony Pulla 0-0: Ball
1-0: Swinging Strike
1-1: Fly out, F9 (Line Drive, 9LM)
Batting: SHB Rodolphe Dettori 0-0: Reached on error, E6 (Groundball, 6)
Batting: SHB Carlos González 0-0: Swinging Strike
0-1: Ball
1-1: Ground out 3-1 (Groundball, 23)
Rodolphe Dettori to third
Batting: RHB Ryan Nelson 0-0: Swinging Strike
0-1: Called Strike
0-2: Ball
1-2: Ball
2-2: Ball
3-2: Foul Ball, location: 2F
3-2: Base on Balls
Batting: LHB Freddy Torres 0-0: Called Strike
0-1: Ball
1-1: Called Strike
1-2: Fly out, F7 (Flyball, 7LM)
Bottom of the 2nd over - 0 runs, 0 hits, 1 error, 2 left on base; Beaverton 3 - Pensacola 4
TOP OF THE 3RD
Beaverton Bronze Souls batting - Pitching for Pensacola Pilots : RHP Pedro Vargas
Batting: LHB Luis Aragón 0-0: Called Strike
0-1: Ball
1-1: Swinging Strike
1-2: Ball
2-2: Ball
3-2: Base on Balls
Batting: RHB Marshall Gross 0-0: Swinging Strike
0-1: Fly out, F6 (Popup, 6MS)
Batting: RHB Dan Cross Pickoff Throw to First - Out!
0-0: Called Strike
0-1: Ball
1-1: Ball
2-1: Ball
3-1: Foul Ball, location: 2F
3-2: Foul Ball, location: 2F
3-2: Fly out, F8 (Flyball, 89D)
Top of the 3rd over - 0 runs, 0 hits, 0 errors, 0 left on base; Beaverton 3 - Pensacola 4
BOTTOM OF THE 3RD
Pensacola Pilots batting - Pitching for Beaverton Bronze Souls : RHP Wilson Díaz
Batting: SHB Ron Winston 0-0: Ball
1-0: Swinging Strike
1-1: Ball
2-1: Ball
3-1: Base on Balls
Batting: LHB Joe Storms 0-0: Foul Ball, location: 2F
0-1: Ball
1-1: Grounds into double play, 6-4-3 (Groundball, 6)
Batting: LHB Ricardo García 0-0: Ball
1-0: Foul Ball, location: 2F
1-1: Swinging Strike
1-2: Ball
2-2: Foul Ball, location: 2F
2-2: Ball
3-2: Foul Ball, location: 2F
3-2: Ground out U3 (Groundball, 34)
Bottom of the 3rd over - 0 runs, 0 hits, 0 errors, 0 left on base; Beaverton 3 - Pensacola 4
TOP OF THE 4TH
Beaverton Bronze Souls batting - Pitching for Pensacola Pilots : RHP Pedro Vargas
Batting: RHB Armando García 0-0: DOUBLE (Line Drive, 7LD)
Batting: RHB Jacob Glasspool 0-0: Swinging Strike
0-1: Ball
1-1: Ground out 6-3 (Groundball, 56)
Batting: RHB Robbie Barnes 0-0: Ball
1-0: Ball
2-0: Ball
3-0: Foul Ball, location: 2F
3-1: SINGLE (Groundball, 56) (infield hit)
Armando García to third
Batting: RHB Pedro Rivera 0-0: Ball
Wild Pitch!
Armando García scores
Robbie Barnes to second
1-0: DOUBLE (Line Drive, 5D)
Robbie Barnes scores
Batting: RHB Nathan Smith 0-0: Ball
1-0: Ball
Pedro Rivera steals 3rd base
2-0: Called Strike
2-1: Foul Ball, location: 2F
2-2: Ball
3-2: SINGLE (Groundball, 5S) (infield hit)
Pedro Rivera scores
Batting: RHB Cameron Irwin 0-0: Called Strike
0-1: Ball
1-1: Ball
Nathan Smith steals 2nd base
2-1: Foul Ball, location: 2F
2-2: Ball
3-2: Base on Balls
Pitching: RHP Don McLise
Batting: LHB Luis Aragón 0-0: Ball
Nathan Smith steals 3rd base
1-0: Ball
2-0: Called Strike
2-1: Fly out, F9 (Flyball, 9S)
Runner from 3rd tags up, SCORES, throw made
Batting: RHB Marshall Gross 0-0: Foul Ball, location: 2F
0-1: Ball
1-1: Ball
2-1: Called Strike
2-2: Foul Ball, location: 2F
2-2: Ball
3-2: Foul Ball, location: 2F
3-2: Foul Ball, location: 2F
3-2: Strikes out swinging
Top of the 4th over - 4 runs, 4 hits, 0 errors, 1 left on base; Beaverton 7 - Pensacola 4
BOTTOM OF THE 4TH
Pensacola Pilots batting - Pitching for Beaverton Bronze Souls : RHP Wilson Díaz
Pitching: LHP Lúcio López
Batting: RHB Robert Rose 0-0: Ball
1-0: Swinging Strike
1-1: Swinging Strike
1-2: Ball
2-2: Strikes out swinging
Batting: RHB Tony Pulla 0-0: Called Strike
0-1: Ball
1-1: Fly out, F8 (Flyball, 8RD)
Batting: SHB Rodolphe Dettori 0-0: Called Strike
0-1: Foul Ball, location: 2F
0-2: Ball
1-2: Foul Ball, location: 2F
1-2: Strikes out swinging
Bottom of the 4th over - 0 runs, 0 hits, 0 errors, 0 left on base; Beaverton 7 - Pensacola 4
TOP OF THE 5TH
Beaverton Bronze Souls batting - Pitching for Pensacola Pilots : RHP Don McLise
Batting: RHB Dan Cross 0-0: Called Strike
0-1: Ball
1-1: Ball
2-1: Ball
3-1: Ground out 1-3 (Groundball, P)
Batting: RHB Armando García 0-0: Ball
1-0: Swinging Strike
1-1: Ball
2-1: Ball
3-1: Fly out, F4 (Popup, 34)
Batting: RHB Jacob Glasspool 0-0: Ball
1-0: Swinging Strike
1-1: Ball
2-1: Ball
3-1: Foul Ball, location: 2F
3-2: Base on Balls
Batting: RHB Robbie Barnes 0-0: Ball
1-0: Ball
2-0: Called Strike
2-1: Ball
3-1: Base on Balls
Jacob Glasspool to second
Batting: RHB Pedro Rivera 0-0: Called Strike
0-1: Ball
1-1: Foul Ball, location: 2F
1-2: Foul Ball, location: 2F
1-2: Strikes out swinging
Top of the 5th over - 0 runs, 0 hits, 0 errors, 2 left on base; Beaverton 7 - Pensacola 4
BOTTOM OF THE 5TH
Pensacola Pilots batting - Pitching for Beaverton Bronze Souls : LHP Lúcio López
Batting: SHB Carlos González 0-0: Foul Ball, location: 2F
0-1: Ball
1-1: Called Strike
1-2: Fly out, F7 (Line Drive, 7S)
Batting: RHB Ryan Nelson 0-0: Called Strike
0-1: Ball
1-1: SINGLE (Line Drive, 34)
Batting: LHB Freddy Torres 0-0: Foul Ball, location: 2F
0-1: Swinging Strike
0-2: Foul Ball, location: 2F
0-2: Foul Ball, location: 2F
0-2: Ball
1-2: Ball
2-2: SINGLE (Groundball, 34D)
Ryan Nelson to second
Runner from 2nd tries for 3rd, OUT!
Batting: SHB Ron Winston 0-0: Ball
1-0: Called Strike
1-1: SINGLE (Groundball, 34D)
Freddy Torres to second
Runner from 2nd tries for 3rd, SAFE, no throw
Batting: LHB Joe Storms 0-0: Called Strike
0-1: SINGLE (Groundball, 34D)
Freddy Torres scores
Ron Winston to second
Runner from 2nd tries for 3rd, SAFE, no throw
Batting: LHB Ricardo García 0-0: TRIPLE (Flyball, 78XD)
Ron Winston scores
Joe Storms scores
Batting: RHB Robert Rose 0-0: SINGLE (Groundball, 4MD)
Ricardo García scores
Batting: RHB Tony Pulla 0-0: Called Strike
0-1: Swinging Strike
0-2: Ball
1-2: Fielders Choice at 2nd, 6-4 (Groundball, 6)
Bottom of the 5th over - 4 runs, 6 hits, 0 errors, 1 left on base; Beaverton 7 - Pensacola 8
TOP OF THE 6TH
Beaverton Bronze Souls batting - Pitching for Pensacola Pilots : RHP Don McLise
Now at 1B: John Hall
Batting: RHB Nathan Smith 0-0: SINGLE (Groundball, 6D)
Batting: RHB Cameron Irwin 0-0: Ball
1-0: Called Strike
1-1: Ball
2-1: Ball
3-1: Base on Balls
Nathan Smith to second
Batting: LHB Luis Aragón 0-0: Called Strike
Nathan Smith steals 3rd base
Cameron Irwin to second
0-1: Ball
1-1: Ball
Wild Pitch!
Nathan Smith scores
Cameron Irwin to third
2-1: Ball
3-1: Base on Balls
Batting: RHB Marshall Gross 0-0: Ball
1-0: Called Strike
1-1: Ball
2-1: Called Strike
2-2: Strikes out swinging
Batting: RHB Dan Cross 0-0: Called Strike
0-1: Called Strike
0-2: Ball
1-2: Strikes out swinging
Batting: RHB Armando García 0-0: Ball
1-0: Foul Ball, location: 2F
1-1: Ground out 5-3 (Groundball, 56S)
Top of the 6th over - 1 run, 1 hit, 0 errors, 2 left on base; Beaverton 8 - Pensacola 8
BOTTOM OF THE 6TH
Pensacola Pilots batting - Pitching for Beaverton Bronze Souls : LHP Lúcio López
Batting: SHB Rodolphe Dettori 0-0: Foul Ball, location: 2F
0-1: Foul Ball, location: 2F
0-2: Fly out, F8 (Flyball, 8LM)
Batting: SHB Carlos González 0-0: SINGLE (Groundball, 4MD)
Batting: RHB John Hall 0-0: Ball
1-0: Foul Ball, location: 2F
1-1: Ball
2-1: Ground out 5-3 (Groundball, 56S)
Carlos González to second
Batting: LHB Freddy Torres 0-0: Called Strike
0-1: Swinging Strike
0-2: Ball
1-2: SINGLE (Groundball, 4MD)
Carlos González to third
Runner from 3rd tries for Home, SAFE, no throw
Batting: SHB Ron Winston 0-0: Called Strike
0-1: Ball
1-1: 2-RUN HOME RUN (Flyball, 78XD), Distance : 428 ft
Batting: LHB Joe Storms 0-0: Ball
1-0: Ball
2-0: Ball
3-0: Called Strike
3-1: Base on Balls
Batting: LHB Ricardo García 0-0: Foul Ball, location: 2F
0-1: SINGLE (Line Drive, 9LS)
Joe Storms to second
Runner from 2nd tries for 3rd, SAFE, throw made to third
Batting: RHB Robert Rose 0-0: SINGLE (Flyball, 7S)
Joe Storms scores
Ricardo García to second
Pitching: RHP Esteve Gabirra
Batting: RHB Tony Pulla 0-0: Called Strike
0-1: Ball
1-1: Fly out, F7 (Line Drive, 7)
Bottom of the 6th over - 4 runs, 5 hits, 0 errors, 2 left on base; Beaverton 8 - Pensacola 12
TOP OF THE 7TH
Beaverton Bronze Souls batting - Pitching for Pensacola Pilots : RHP Don McLise
Batting: RHB Jacob Glasspool 0-0: Called Strike
0-1: Ball
1-1: Called Strike
1-2: Foul Ball, location: 2F
1-2: Ball
2-2: Ground out 6-3 (Groundball, 6)
Pitching: RHP Michael Clay
Batting: RHB Robbie Barnes 0-0: Called Strike
0-1: Ball
1-1: Swinging Strike
1-2: Ball
2-2: Strikes out swinging, 2-3 out at first.
Batting: RHB Pedro Rivera 0-0: Ball
1-0: Ball
2-0: Ball
3-0: Base on Balls
Batting: RHB Nathan Smith 0-0: Ball
Pedro Rivera steals 2nd base
1-0: Ball
2-0: Foul Ball, location: 2F
2-1: Ground out 6-3 (Groundball, 6)
Top of the 7th over - 0 runs, 0 hits, 0 errors, 1 left on base; Beaverton 8 - Pensacola 12
BOTTOM OF THE 7TH
Pensacola Pilots batting - Pitching for Beaverton Bronze Souls : RHP Esteve Gabirra
Batting: SHB Rodolphe Dettori 0-0: Swinging Strike
0-1: Swinging Strike
0-2: Ball
1-2: Ball
2-2: Foul Ball, location: 2F
2-2: Strikes out swinging
Batting: SHB Carlos González 0-0: Ball
1-0: Swinging Strike
1-1: Foul Ball, location: 2F
1-2: Ground out 6-3 (Groundball, 6M)
Batting: RHB John Hall 0-0: Called Strike
0-1: Ball
1-1: Ball
2-1: Swinging Strike
2-2: SINGLE (Groundball, 15S) (infield hit)
Batting: LHB Freddy Torres 0-0: Called Strike
0-1: SINGLE (Groundball, 25) (infield hit)
John Hall to second
Batting: SHB Ron Winston 0-0: Called Strike
0-1: Ball
1-1: DOUBLE (Flyball, 89D)
John Hall scores
Freddy Torres to third
Batting: LHB Joe Storms 0-0: Ball
1-0: Ball
2-0: Foul Ball, location: 2F
2-1: Ball
3-1: Base on Balls
Batting: LHB Ricardo García 0-0: SINGLE (Groundball, 4MD)
Freddy Torres scores
Ron Winston to third
Joe Storms to second
Runner from 3rd tries for Home, SAFE, no throw
Batting: RHB Robert Rose 0-0: Called Strike
0-1: Called Strike
0-2: Foul Ball, location: 2F
0-2: Ball
1-2: Strikes out looking
Bottom of the 7th over - 3 runs, 4 hits, 0 errors, 2 left on base; Beaverton 8 - Pensacola 15
TOP OF THE 8TH
Beaverton Bronze Souls batting - Pitching for Pensacola Pilots : RHP Michael Clay
Now in RF: Bill Andrews
Batting: RHB Cameron Irwin 0-0: Ball
1-0: Ball
2-0: Called Strike
2-1: Foul Ball, location: 2F
2-2: Strikes out looking
Batting: LHB Luis Aragón 0-0: Foul Ball, location: 2F
0-1: Ball
1-1: Foul Ball, location: 2F
1-2: Ball
2-2: Ball
3-2: Ground out 4-3 (Groundball, 4)
Batting: RHB Marshall Gross 0-0: Called Strike
0-1: Swinging Strike
0-2: Ball
1-2: Ball
2-2: Ball
3-2: Strikes out swinging
Top of the 8th over - 0 runs, 0 hits, 0 errors, 0 left on base; Beaverton 8 - Pensacola 15
BOTTOM OF THE 8TH
Pensacola Pilots batting - Pitching for Beaverton Bronze Souls : RHP Esteve Gabirra
Batting: RHB Tony Pulla 0-0: Swinging Strike
0-1: Foul Ball, location: 2F
0-2: Foul Ball, location: 2F
0-2: SINGLE (Groundball, 6MD)
Batting: SHB Rodolphe Dettori 0-0: Called Strike
Tony Pulla is caught stealing 2nd base
0-1: Ball
1-1: SOLO HOME RUN (Flyball, 7LD), Distance : 353 ft
Batting: SHB Carlos González 0-0: Ground out U3 (Groundball, 34)
Batting: RHB John Hall 0-0: Ball
1-0: Ball
2-0: Ball
3-0: Base on Balls
Batting: LHB Freddy Torres 0-0: Ball
1-0: Ball
2-0: Ball
3-0: Called Strike
3-1: SINGLE (Flyball, 89M)
John Hall to second
Runner from 2nd tries for 3rd, SAFE, no throw
Batting: SHB Ron Winston 0-0: Ball
1-0: Ball
2-0: Ball
3-0: Base on Balls
Freddy Torres to second
Batting: RHB Bill Andrews 0-0: Swinging Strike
0-1: Swinging Strike
0-2: Ball
1-2: SINGLE (Groundball, 4MD)
John Hall scores
Freddy Torres to third
Ron Winston to second
Runner from 3rd tries for Home, SAFE, throw made home
Batting: LHB Ricardo García 0-0: Ball
1-0: Ball
2-0: Ball
3-0: Base on Balls
Ron Winston to third
Bill Andrews to second
Pitching: RHP Salvador Castro
Batting: RHB Robert Rose 0-0: Called Strike
0-1: Ball
1-1: Foul Ball, location: 2F
1-2: Foul Ball, location: 2F
1-2: Ball
2-2: Ball
Wild Pitch!
Ron Winston scores
Bill Andrews to third
Ricardo García to second
3-2: Foul Ball, location: 2F
3-2: Base on Balls
Batting: RHB Tony Pulla 0-0: Ball
1-0: Foul Ball, location: 2F
1-1: Ball
2-1: Ball
3-1: Swinging Strike
3-2: Base on Balls
Bill Andrews scores
Ricardo García to third
Robert Rose to second
Batting: SHB Rodolphe Dettori 0-0: Called Strike
0-1: Called Strike
0-2: Strikes out swinging
Bottom of the 8th over - 5 runs, 4 hits, 0 errors, 3 left on base; Beaverton 8 - Pensacola 20
TOP OF THE 9TH
Beaverton Bronze Souls batting - Pitching for Pensacola Pilots : RHP Michael Clay
Batting: RHB Dan Cross 0-0: Ball
1-0: Ball
2-0: Swinging Strike
2-1: Foul Ball, location: 2F
2-2: Strikes out swinging
Batting: RHB Armando García 0-0: Fly out, F8 (Flyball, 78D)
Batting: RHB Jacob Glasspool 0-0: Ground out 4-3 (Groundball, 4M)
Top of the 9th over - 0 runs, 0 hits, 0 errors, 0 left on base; Beaverton 8 - Pensacola 20
Saturday, December 16th, 2017 - OOTP Baseball 18.8 Build 76